Map: Concord LE

Players

Talis

  • Race: Terran Terran
  • Spawn Location: 12:00

kirovairship

  • Race: Terran Terran
  • Spawn Location: 1:00

Cellulanus

  • Race: Zerg Zerg
  • League: Gold
  • Spawn Location: 3:00

Aaron

  • Race: Terran Terran
  • Spawn Location: 3:00

Mark - Winner!

  • Race: Protoss Protoss
  • League: Bronze
  • Spawn Location: 6:00

kevin - Winner!

  • Race: Protoss Protoss
  • Spawn Location: 7:00

diegoSoAmaze - Winner!

  • Race: Terran Terran
  • League: Gold
  • Spawn Location: 9:00

MattBarry - Winner!

  • Race: Zerg Zerg
  • League: Gold
  • Spawn Location: 6:00

VOD

Have the link to the VOD?

Description

Time

  • Played on: Feb. 11, 2023, 4:54 a.m.
  • Length: 81:34
Show
View Real Time Build Order
Export as new Build Order

Talis Terran 

Build Orders:  

Get SALT Encoding   

  12  0:00  SCV  
  13  0:12  SCV  
  14  0:25  SCV  
  15  0:31  Supply Depot  
  15  0:52  SCV  
  15  0:54  Barracks  
  16  0:58  Supply Depot  
  16  1:04  SCV  
  16  1:05  Barracks  
  17  1:19  Barracks  
  17  1:37  SCV  
  18  1:45  Barracks  
  18  1:51  Supply Depot  
  18  1:56  Marine x2  
  20  2:06  Marine  
  21  2:18  Marine x2  
  23  2:25  Marine  
  24  2:38  Marine  
  24  2:39  Marine x2  
  27  2:48  Marine  
  28  2:56  Marine  
  29  2:59  Marine x2  
  31  3:06  Marine  
  32  3:14  Marine  
  32  3:17  Marine x2  
  35  3:24  Marine  
Show
View Real Time Build Order
Export as new Build Order

kirovairship Terran 

Build Orders:  

Get SALT Encoding   

  12  0:00  SCV  
  13  0:12  SCV  
  14  0:18  Supply Depot  
  14  0:25  SCV  
  15  0:40  SCV  
  15  0:41  Barracks  
  16  0:52  SCV  
  17  1:04  SCV  
  18  1:16  SCV  
  19  1:22  Command Center  
  19  1:28  SCV  
  19  1:30  Supply Depot  
  19  1:31  Marine  
  21  1:41  SCV  
  22  1:49  Marine  
  22  1:53  SCV  
  24  1:55  Bunker  
  24  2:03  Bunker  
  24  2:05  SCV  
  24  2:07  Marine  
  26  2:09  Bunker  
  26  2:17  SCV  
  26  2:21  Refinery  
  27  2:24  Marine  
  27  2:26  Refinery  
  28  2:42  Marine  
  29  2:48  Command Center  
  29  2:52  SCV  
  29  2:55  SCV  
  31  3:04  SCV  
  32  3:07  SCV  
Show
View Real Time Build Order
Export as new Build Order

Cellulanus Zerg 

Build Orders: Pool First 

Get SALT Encoding   

  12  0:01  Drone  
  13  0:13  Overlord  
  13  0:17  Drone  
  14  0:40  Spawning Pool  
  14  0:41  Drone  
  15  0:42  Drone  
  15  1:08  Drone  
  15  1:10  Overlord  
  16  1:24  Hatchery  
  15  1:31  Zergling x2  
  15  1:32  Zergling x4  
  18  1:47  Drone  
  18  1:54  Extractor  
  18  2:00  Drone, Extractor  
  18  2:21  Drone  
  18  2:22  Overlord  
  19  2:33  Drone  
  20  2:38  Drone  
  20  2:39  Drone  
  22  2:54  Zergling x4  
  24  3:13  Zergling x2  
  24  3:14  Zergling x6  
  27  3:22  Drone  
  27  3:23  Metabolic Boost, Drone  
  27  3:28  Lair  
  27  3:32  Zergling x2  
  28  3:34  Queen  
  28  3:40  Drone  
  30  4:08  Drone x3  
  30  4:09  Drone x2  
  35  4:18  Drone  
  30  4:27  Drone  
  30  4:28  Drone  
  32  4:33  Spire  
  3  5:05  Drone x6  
  9  5:22  Drone x2  
  9  5:28  Spawning Pool  
  10  5:55  Drone x4  
  10  5:56  Drone x2  
  16  6:15  Zergling x2  
  16  6:16  Zergling x2  
  18  6:21  Drone x2, Spire  
  19  6:28  Queen  
  19  6:30  Zergling x2  
  19  6:31  Zergling x2  
  23  6:43  Zergling x2  
  23  6:44  Zergling x2  
  25  6:52  Drone  
  25  6:53  Drone  
  27  6:57  Extractor  
  26  7:13  Drone  
  26  7:14  Drone  
  28  7:16  Overlord  
  28  7:17  Overlord  
  28  7:25  Extractor  
  27  7:30  Spire  
  27  7:33  Zerg Flyer Weapons Level 1  
  27  7:34  Mutalisk x3  
  27  7:35  Mutalisk  
  34  7:38  Mutalisk x3  
  40  7:52  Overlord x2  
  40  8:01  Overlord x2  
  40  8:17  Mutalisk x3  
  40  8:18  Mutalisk  
Show
View Real Time Build Order
Export as new Build Order

Aaron Terran 

Build Orders: Command Center First (CC) 

Get SALT Encoding   

  12  0:01  SCV  
  13  0:13  SCV  
  14  0:24  Supply Depot  
  14  0:25  SCV  
  15  0:45  SCV  
  16  0:57  SCV  
  16  1:02  Command Center  
  17  1:10  SCV  
  18  1:21  Barracks  
  18  1:22  SCV  
  19  1:29  Refinery  
  19  1:34  SCV  
  20  1:46  SCV  
  21  1:55  Refinery  
  21  1:58  SCV  
  22  2:11  Supply Depot, SCV  
  22  2:15  SCV  
  24  2:23  SCV  
  24  2:27  SCV  
  26  2:35  Factory, SCV  
  27  2:39  SCV  
  28  2:47  SCV  
  28  2:50  Refinery  
  28  2:51  SCV  
  30  2:59  SCV  
  30  3:03  SCV  
  32  3:11  SCV  
  33  3:13  Barracks Tech Lab  
  33  3:14  Refinery  
  33  3:15  SCV  
  34  3:23  SCV  
  35  3:27  SCV  
  35  3:29  Starport  
  35  3:34  Factory Tech Lab  
  36  3:35  SCV  
  36  3:38  Armory  
  36  3:39  SCV  
  38  3:47  SCV  
  39  3:51  SCV  
  40  3:57  Starport  
  40  3:59  SCV  
  41  4:03  SCV  
  42  4:12  SCV  
  42  4:16  SCV  
  44  4:24  SCV  
  45  4:33  Fusion Core  
  45  4:44  Supply Depot  
  45  4:50  Orbital Command x2  
  45  4:57  Supply Depot  
  45  5:08  Supply Depot  
  43  5:20  Supply Depot  
  24  5:43  Supply Depot  
  24  5:44  Barracks  
  24  5:45  Barracks x2  
  24  5:48  Barracks  
  24  6:31  Supply Depot  
  24  6:32  Supply Depot  
  24  6:33  Supply Depot  
  24  6:34  Marine x4  
  24  6:36  Supply Depot  
  28  6:52  Marine x4  
  32  6:55  Barracks  
  32  6:56  Barracks  
  32  7:00  Supply Depot x2  
  32  7:09  Marine  
  32  7:10  Marine x3  
  36  7:27  Marine x2  
  36  7:28  Marine x2  
  40  7:39  Supply Depot  
  40  7:40  Supply Depot  
  40  7:41  Supply Depot  
  40  7:45  Marine x3  
  40  7:46  Marine  
  40  8:03  Marine x4  
  27  8:21  Marine x4  
  26  8:39  Marine x2  
Show
View Real Time Build Order
Export as new Build Order

Mark Protoss - Winner!

Build Orders: Nexus First 

Get SALT Encoding   

  12  0:01  Probe (Chrono Boost)  
  13  0:42  Nexus  
  13  1:17  Pylon  
  13  1:19  Assimilator, Probe (Chrono Boost)  
  13  1:23  Assimilator  
  14  1:30  Probe (Chrono Boost)  
  15  1:38  Gateway  
  15  1:45  Probe  
  16  2:28  Cybernetics Core  
  16  2:34  Probe (Chrono Boost)  
  17  2:38  Probe (Chrono Boost)  
  19  2:44  Probe (Chrono Boost)  
  19  2:47  Probe (Chrono Boost)  
  19  2:49  Zealot (Chrono Boost)  
  22  2:52  Probe (Chrono Boost)  
  23  3:04  Forge  
  23  3:06  Shield Battery  
  20  3:26  Probe  
  21  3:37  Stargate  
  21  3:41  Stargate  
  21  3:42  Probe  
  21  3:45  Assimilator  
  22  3:49  Probe (Chrono Boost)  
  22  3:50  Assimilator  
  24  3:58  Probe (Chrono Boost)  
  24  4:01  Probe (Chrono Boost)  
  25  4:09  Probe (Chrono Boost)  
  27  4:10  Probe (Chrono Boost)  
  28  4:18  Probe (Chrono Boost)  
  28  4:22  Probe (Chrono Boost)  
  33  4:25  Probe (Chrono Boost)  
  33  4:27  Void Ray (Chrono Boost)  
  33  4:28  Probe (Chrono Boost)  
  35  4:33  Probe  
  35  4:36  Pylon  
  36  4:40  Probe  
  36  4:41  Pylon  
  36  4:45  Probe  
  38  4:57  Probe  
  43  5:04  Void Ray  
  43  5:09  Probe  
  44  5:20  Void Ray  
  48  5:21  Probe  
  49  5:32  Pylon  
  49  5:41  Probe  
  54  5:52  Void Ray  
  54  5:53  Probe  
  55  6:06  Fleet Beacon  
  55  6:10  Probe (Chrono Boost)  
  56  6:11  Stargate  
  56  6:20  Probe (Chrono Boost)  
  56  6:24  Void Ray  
  61  6:43  Pylon  
  61  6:45  Pylon  
  61  6:48  Pylon  
  61  6:49  Pylon  
  61  7:03  Carrier  
  61  7:07  Void Ray  
  75  7:09  Void Ray  
  73  7:50  Void Ray  
  81  7:52  Void Ray  
Show
View Real Time Build Order
Export as new Build Order

kevin Protoss - Winner!

Build Orders: Carriers, Carrier Rush 

Get SALT Encoding   

  12  0:18  Probe  
  13  0:27  Pylon  
  13  0:29  Assimilator  
  13  0:30  Probe (Chrono Boost)  
  14  0:41  Probe (Chrono Boost)  
  15  0:47  Gateway  
  15  0:57  Forge  
  15  1:00  Probe (Chrono Boost)  
  17  1:12  Probe (Chrono Boost)  
  17  1:18  Probe (Chrono Boost)  
  17  1:22  Pylon  
  18  1:27  Probe  
  19  1:38  Cybernetics Core  
  19  1:41  Probe  
  19  1:47  Assimilator  
  20  1:53  Probe  
  21  2:12  Nexus  
  21  2:17  Probe (Chrono Boost)  
  22  2:27  Probe (Chrono Boost)  
  23  2:31  Probe (Chrono Boost)  
  23  2:35  Stargate  
  24  2:43  Probe  
  25  2:48  Photon Cannon  
  25  2:54  Pylon  
  25  3:15  Pylon  
  25  3:22  Probe  
  25  3:24  Void Ray (Chrono Boost)  
  30  3:27  Probe  
  31  3:35  Probe  
  32  3:43  Photon Cannon  
  32  3:47  Probe  
  33  3:59  Fleet Beacon, Probe  
  34  4:04  Stargate  
  34  4:11  Probe (Chrono Boost)  
  34  4:16  Probe (Chrono Boost)  
  36  4:22  Assimilator, Probe (Chrono Boost)  
  38  4:25  Assimilator  
  38  4:26  Probe (Chrono Boost)  
  38  4:30  Probe (Chrono Boost)  
  39  4:34  Probe (Chrono Boost)  
  41  4:38  Probe (Chrono Boost)  
  41  4:41  Probe (Chrono Boost)  
  41  4:43  Carrier (Chrono Boost), Probe (Chrono Boost)  
  49  5:05  Probe  
  49  5:06  Probe  
  51  5:17  Probe  
  51  5:19  Probe  
  59  5:25  Carrier (Chrono Boost)  
  59  5:29  Probe  
  59  5:31  Probe  
  59  5:34  Pylon x2  
  61  5:35  Pylon  
  61  5:41  Probe  
  62  5:43  Stargate  
  62  5:48  Stargate  
  62  5:52  Probe  
  63  6:01  Carrier  
  70  6:04  Probe (Chrono Boost)  
  71  6:13  Probe (Chrono Boost)  
  71  6:14  Protoss Shields Level 1, Probe (Chrono Boost)  
  72  6:19  Probe (Chrono Boost)  
  73  6:50  Nexus  
  73  6:52  Assimilator  
  73  6:57  Assimilator  
  73  6:58  Carrier  
  79  7:02  Pylon  
  79  7:05  Pylon, Carrier  
  85  7:08  Pylon  
  85  7:15  Probe  
  86  7:20  Probe  
  87  7:27  Probe  
  88  7:32  Probe  
  88  7:33  Pylon  
  88  7:35  Pylon  
  89  7:39  Probe  
  89  7:40  Pylon  
  89  7:42  Pylon  
  90  7:44  Probe  
  91  7:51  Probe  
  91  7:56  Probe  
  93  8:03  Probe  
  90  8:37  Carrier x2  
  90  8:38  Carrier x2  
  90  20:37  Nexus  
  90  20:53  Nexus  
  90  20:55  Nexus  
  90  21:01  Nexus  
  90  21:05  Nexus x2  
  90  21:11  Nexus  
  90  21:13  Nexus  
  90  21:25  Nexus  
  90  21:29  Nexus  
  90  21:32  Nexus  
  90  21:33  Nexus  
  90  21:41  Nexus  
  90  21:47  Nexus  
  90  21:49  Nexus  
  90  21:51  Nexus  
  90  21:58  Nexus  
  90  21:59  Nexus  
  90  23:30  Nexus  
  90  23:43  Nexus  
  90  23:57  Nexus  
  90  24:12  Nexus  
  90  24:21  Nexus  
  90  24:35  Nexus  
  90  27:21  Probe  
  90  38:01  Probe  
  90  38:13  Probe  
  90  39:30  Nexus  
  90  39:48  Nexus  
  90  40:59  Probe  
Show
View Real Time Build Order
Export as new Build Order

diegoSoAmaze Terran - Winner!

Build Orders: 2 Factory, Mech 

Get SALT Encoding   

  12  0:01  SCV  
  13  0:13  SCV  
  14  0:25  SCV  
  14  0:27  Supply Depot  
  15  0:36  Refinery  
  15  0:48  SCV  
  16  0:50  Barracks  
  16  1:00  SCV  
  17  1:05  Refinery  
  17  1:12  SCV  
  18  1:24  SCV  
  19  1:26  Supply Depot  
  19  1:37  SCV  
  20  1:42  Factory  
  20  1:49  SCV  
  21  2:01  Orbital Command  
  21  2:18  Barracks Reactor  
  21  2:37  Command Center  
  21  2:39  SCV  
  22  2:49  Factory Tech Lab  
  22  2:56  Marine x2  
  24  3:07  Engineering Bay  
  24  3:12  Factory  
  24  3:24  Marine x2  
  26  3:29  Siege Tank  
  26  3:32  Armory  
  26  3:33  SCV  
  30  3:56  Orbital Command  
  30  4:07  Bunker  
  30  4:09  Hellion x2  
  34  4:16  SCV  
  35  4:23  Terran Vehicle And Ship Armor Level 1  
  35  4:26  Thor  
  35  4:28  SCV  
  35  4:30  SCV  
  43  4:41  Hellion  
  45  4:58  SCV  
  46  5:03  Supply Depot  
  46  5:06  Supply Depot  
  46  5:23  Factory  
  46  5:24  SCV x2  
  46  5:25  Hellion  
  46  5:27  Missile Turret, Thor  
  56  5:37  SCV x2  
  58  5:55  Hellion x2  
  62  6:02  Missile Turret  
  62  6:03  Supply Depot  
  62  6:15  Factory Tech Lab  
  62  6:25  Thor, SCV x2  
  70  6:38  Refinery  
  70  6:40  Refinery  
  70  6:57  Supply Depot  
  70  6:58  Supply Depot  
  70  6:59  Supply Depot  
  70  7:00  Supply Depot  
  70  7:02  Terran Vehicle Weapons Level 1  
  70  7:11  Factory  
  70  7:19  Thor, SCV x2, Hellion x2  
  82  7:23  Thor  
  88  7:31  SCV x2  
  90  7:40  Hellion x2  
  90  7:43  SCV x2  
  96  7:44  Armory  
  96  7:55  SCV x2  
  90  7:58  Factory Tech Lab  
  90  8:02  Thor  
  92  8:07  SCV x2  
  94  8:19  Thor  
  90  8:23  Hellion x2  
  100  8:44  Hellion  
  100  10:16  Hellion  
  100  30:39  Command Center  
  100  30:40  Command Center  
  100  30:42  Command Center  
  100  30:43  Command Center  
  100  30:44  Command Center  
  100  30:45  Command Center  
  100  30:48  Command Center  
  100  30:50  Command Center  
  100  31:37  Command Center  
  100  31:42  Command Center  
  100  31:46  Command Center  
  100  32:11  Orbital Command  
  100  32:12  Orbital Command x7  
  100  33:00  Orbital Command x3  
  100  33:27  Command Center  
  100  34:05  Orbital Command  
  100  34:06  Orbital Command  
  100  34:07  Orbital Command  
  100  34:14  Orbital Command  
  100  34:20  Orbital Command x2  
  100  34:30  Orbital Command x2  
  100  34:44  Orbital Command  
  100  34:59  Orbital Command  
  100  35:01  Orbital Command  
  100  35:20  Orbital Command  
  100  37:57  SCV  
  100  38:09  SCV  
  100  39:52  Orbital Command  
  100  39:55  Orbital Command  
  100  40:00  Orbital Command  
  100  51:25  Orbital Command  
  100  51:53  Orbital Command  
  100  54:50  Orbital Command  
  100  55:05  Orbital Command  
  100  55:26  Orbital Command  
  100  66:04  SCV x7  
  100  66:09  SCV x6  
  100  66:16  SCV x7  
  100  66:21  SCV x6  
  100  66:26  Refinery x2  
  100  66:28  SCV x6  
  100  66:29  SCV  
  100  66:33  SCV x4  
  100  66:35  Refinery  
  100  67:02  Refinery  
  100  67:03  Refinery  
  100  67:07  Refinery  
  100  68:02  Neosteel Armor  
  100  68:05  Engineering Bay  
  100  68:06  Engineering Bay  
  100  68:08  Engineering Bay  
Show
View Real Time Build Order
Export as new Build Order

MattBarry Zerg - Winner!

Build Orders: Hatch First, Brood Lord Corruptor 

Get SALT Encoding   

  12  0:00  Drone  
  13  0:11  Drone  
  14  0:19  Overlord  
  14  0:31  Drone, Extractor  
  15  0:38  Drone  
  15  0:39  Drone  
  17  1:04  Hatchery  
  17  1:06  Extractor  
  15  1:11  Spawning Pool  
  14  1:20  Drone x2  
  14  1:22  Drone  
  17  1:51  Hatchery  
  16  1:59  Zergling x2  
  16  2:00  Zergling x2  
  18  2:06  Metabolic Boost  
  18  2:15  Queen  
  20  2:27  Queen  
  22  2:36  Drone x2  
  24  2:38  Drone  
  24  2:51  Queen  
  24  3:07  Zergling x10  
  29  3:17  Drone  
  29  3:18  Drone x2  
  32  3:34  Extractor  
  32  3:39  Lair  
  31  3:42  Drone x3  
  34  3:54  Overlord x2  
  34  4:12  Drone x7  
  34  4:13  Drone  
  43  4:31  Drone x6  
  47  4:53  Drone x2  
  49  5:17  Overlord x4  
  49  5:24  Spire  
  49  5:27  Extractor  
  47  5:28  Extractor  
  46  5:46  Infestation Pit  
  45  5:50  Hatchery  
  45  5:52  Drone x6  
  45  5:53  Drone x13  
  63  6:06  Extractor  
  63  6:07  Extractor  
  59  6:16  Overlord  
  59  6:17  Drone x9  
  66  6:30  Drone x6  
  66  6:31  Drone  
  73  6:37  Hive  
  73  6:58  Extractor  
  72  7:02  Extractor  
  71  7:34  Corruptor x12  
  71  7:36  Overlord x5  
  95  7:49  Greater Spire  
  95  8:32  Overlord  
  95  8:33  Overlord x2  
  95  8:42  Corruptor x5  
  95  9:00  Evolution Chamber, Brood Lord x6  
  95  9:01  Brood Lord x6  
  95  9:04  Corruptor x8  
  95  9:26  Zerg Melee Weapons Level 1  
  95  9:38  Brood Lord x3  
  95  9:39  Brood Lord x2  
  95  9:43  Brood Lord x3  
  95  9:45  Overlord x5  
  95  10:39  Brood Lord x5  
  95  11:44  Corruptor x3  
  95  11:48  Corruptor x4  
  95  12:25  Brood Lord x7  
  95  15:55  Corruptor  
  95  15:56  Corruptor x6  
  95  15:57  Corruptor x4  
  95  15:58  Corruptor x4  
  95  15:59  Corruptor x2  
  95  16:31  Brood Lord  
  95  16:32  Brood Lord x16  
  95  16:33  Corruptor  
  95  16:39  Zerg Melee Weapons Level 2  
  95  16:42  Zerg Flyer Weapons Level 1  
  95  16:46  Drone x2  
  95  17:26  Drone x4  
  95  17:41  Spire  
  95  17:43  Evolution Chamber  
  95  17:52  Evolution Chamber  
  95  17:54  Spire  
  95  18:04  Evolution Chamber  
  95  18:06  Evolution Chamber  
  95  18:09  Zerg Ground Armor Level 1  
  95  18:22  Brood Lord  
  95  18:26  Zerg Missile Weapons Level 1  
  95  18:36  Zerg Flyer Armor Level 1  
  95  18:52  Zerg Flyer Weapons Level 2  
  95  18:57  Zerg Melee Weapons Level 3  
  95  19:13  Corruptor  
  95  19:24  Overlord  
  95  19:28  Overlord x8  
  95  19:29  Overlord x3  
  95  19:31  Overlord  
  95  19:37  Overseer x7  
  95  19:45  Brood Lord  
  95  20:04  Pneumatized Carapace  
  95  22:07  Zerg Flyer Weapons Level 3  
  95  22:08  Zerg Flyer Armor Level 2  
  95  22:19  Zerg Ground Armor Level 2  
  95  22:21  Zerg Missile Weapons Level 2  
  95  25:50  Overlord x12  
  95  26:18  Zerg Flyer Armor Level 3  
  95  26:20  Zerg Missile Weapons Level 3  
  95  26:21  Zerg Ground Armor Level 3  
  95  26:46  Overseer x29  
  95  26:51  Overlord x12  
  95  41:25  Overlord x12  
  95  44:04  Overlord  
  95  44:05  Overlord x11  
  95  44:13  Overseer x15  
  95  44:38  Overseer  
  95  44:39  Overseer x11  
  95  44:40  Overlord x12  
  95  45:19  Overlord x12  
  95  45:22  Overseer x15  
  95  45:24  Overseer x3  
  95  45:25  Overseer x3  
  95  45:27  Overseer x3  
  95  45:50  Overlord x8  
  95  46:03  Overseer x36  
  95  46:56  Overlord x12  
  95  47:05  Overseer x19  
  95  47:19  Overlord x8  
  95  47:59  Overlord x8  
  95  48:00  Overlord x4  
  95  48:02  Overseer x13  
  95  48:14  Overlord x4  
  95  48:18  Overseer x2  
  95  48:20  Overseer x2  
  95  48:21  Overseer x4  
  95  48:24  Overseer x3  
  95  48:26  Overseer x3  
  95  48:28  Overseer x3  
  95  48:30  Overseer x3  
  95  48:31  Overlord x4  
  95  48:33  Overseer  
  95  48:38  Overseer  
  95  48:40  Overseer  
  95  48:42  Overlord x4  
  95  48:54  Overlord  
  95  48:55  Overlord x7  
  95  49:31  Overlord x12  
  95  49:37  Overseer x6  
  95  49:39  Overseer x2  
  95  50:25  Overlord x3  
  95  50:26  Overlord x9  
  95  50:33  Overseer x10  
  95  50:34  Overseer x9  
  95  52:37  Overlord x5  
  95  52:38  Overlord x7  
  95  52:40  Overseer x13  
  95  53:27  Overlord x8  
  95  53:28  Overlord x4  
  95  53:30  Overseer x7  
  95  53:31  Overseer  
  95  53:32  Overseer x2  
  95  53:34  Overseer x3  
  95  53:55  Overlord x6  
  95  53:56  Overlord x2  
  95  54:23  Overseer x5  
  95  54:24  Overseer x4  
  95  54:26  Overseer x3  
  95  54:27  Overlord x3  
  95  55:53  Overlord x6  
  95  55:54  Overlord x6  
  95  55:57  Overseer x9  
  95  55:58  Overseer x2  
  95  56:33  Overlord x6  
  95  56:42  Overseer x12  
  95  56:53  Overseer x3  
  95  57:00  Overseer  
Tags
 
Add a new tag
Caveats
  • Supply blocks, unpowered buildings, or Contaminate may cause inaccurate times.
  • Supply counts are checked every 10 seconds.